 Dungeon Sprint DCSS version 0.30-a0-6-g7c9e10e132 (webtiles) character file.

Game seed: 8780241679094442694

690 NinjaNoafa the Cleaver (level 7, -7/72 HPs)
             Began as a Minotaur Berserker on Aug 22, 2022.
             Was an Initiate of Ru.
             Mangled by a two-headed ogre
             ... wielding a +0 dire flail
              (12 damage)
             ... in the Dungeon (Sprint IX: "|||||||||||||||||||||||||||||").
             The game lasted 00:02:52 (547 turns).

NinjaNoafa the Cleaver (Minotaur Berserker)          Turns: 547, Time: 00:02:53

Health: -7/72      AC: 15    Str: 22    XL:     7   Next: 36%
Magic:  6/6        EV: 10    Int:  4    God:    Ru [......]
Gold:   0          SH:  0    Dex: 17    Spells: 6/6 levels left

rFire   . . .      SeeInvis .    k - +3 war axe (freeze)
rCold   . . .      Faith    .    (no shield)
rNeg    . . .      Spirit   .    n - +1 chain mail
rPois   .          Reflect  .    (helmet restricted)
rElec   .          Harm     .    (no cloak)
rCorr   .          Rampage  .    l - +0 pair of gloves
Will    .....      NoTele   +    m - +0 pair of boots
Stlth   ..........               (no amulet)
HPRegen 0.22/turn                o - +3 ring of dexterity
MPRegen 0.10/turn                p - +3 ring of dexterity

@: slowed, very slow
A: horns 2, retaliatory headbutt
a: Renounce Religion


You were in the Dungeon.
You worshipped Ru.
Ru was noncommittal.
You visited 1 branch

Inventory:

Hand Weapons
 a - a +0 hand axe
 k - a +3 war axe of freezing (weapon)
Armour
 b - a +0 animal skin
 l - a +0 pair of gloves (worn)
 m - a +0 pair of boots (worn)
 n - a +1 chain mail (worn)
Jewellery
 o - a +3 ring of dexterity (left hand)
 p - a +3 ring of dexterity (right hand)
Wands
 j - a wand of iceblast (10)
Scrolls
 h - 2 scrolls of blinking
 i - 2 scrolls of amnesia
Potions
 c - 5 potions of curing
 e - a potion of haste
 f - 4 potions of magic


   Skills:
 + Level 10.1 Fighting
 + Level 12.1 Axes
 + Level 9.1 Armour
 + Level 5.2 Dodging
 - Level 5.0 Evocations


You had 6 spell levels left.
You didn't know any spells.
Your spell library was empty.

Dungeon Overview and Level Annotations

Branches:
Dungeon (1/1)

Altars:
Cheibriados
Dithmenos
Elyvilon
Fedhas
Gozag
Hepliaklqana
Kikubaaqudgha
Makhleb
Nemelex Xobeh
Okawaru
Qazlal
Ru
Sif Muna
Trog
Uskayaw
Vehumet
Wu Jian
Xom
Yredelemnul
Zin
The Shining One
Jiyva
Lugonu


Innate Abilities, Weirdness & Mutations

You have a pair of horns on your head.
You reflexively headbutt those who attack you in melee.


Message History

The arrow closely misses you.
The two-headed ogre hits you with a +0 giant club!!
* * * LOW HITPOINT WARNING * * *
The two-headed ogre hits you with a +0 giant club.
* * * LOW HITPOINT WARNING * * *
The centaur shoots an arrow.
The arrow barely misses the two-headed ogre.
The arrow barely misses you.
You slice the two-headed ogre!! You freeze the two-headed ogre.
The two-headed ogre is severely wounded.
The centaur shoots an arrow.
The arrow hits the two-headed ogre!
The two-headed ogre dies!
Training target 12.0 for Axes reached!
Your Axes skill increases to level 12!
You need to enable at least one skill for training.
Training target 9.0 for Armour reached!
Your Armour skill gained 4 levels and is now at level 9!
You need to enable at least one skill for training.
Your Fighting skill increases to level 10!
You have reached level 7!
You feel much better.
You flicker back into view.
The centaur shoots an arrow.
The arrow hits you but does no damage.
You feel much better.
The two-headed ogre hits you with a +0 dire flail!
The two-headed ogre hits you with a +0 dire flail.
Things that are here:
a +0 giant club; a +0 giant club You hit the two-headed ogre but do no damage.
You headbutt the two-headed ogre.
The two-headed ogre is lightly wounded.
The two-headed ogre barely misses you. You furiously retaliate!
You headbutt the two-headed ogre!
The two-headed ogre hits you but does no damage.
You slice the two-headed ogre!! You freeze the two-headed ogre.
The two-headed ogre is severely wounded.
The two-headed ogre hits you with a +0 dire flail!!
* * * LOW HITPOINT WARNING * * *
The two-headed ogre hits you with a +0 dire flail!
You die... ▓▓▓▓▓▓▓▓▓▓▓▓▓▓▓▓▓▓▓▓▓▓▓▓▓▓▓ ......†YcO@..)..'__________ ▓▓▓▓▓▓▓▓▓▓▓▓▓▓▓▓▓▓▓▓▓▓▓▓▓▓▓

You could see a two-headed ogre, a yak and a centaur.

Vanquished Creatures
  A wraith (D)
  A yak (D)
  An ogre (D)
  A howler monkey (D)
  An iguana (D)
  2 gnolls (D)
  An endoplasm (D)
  A giant cockroach (D)
  A kobold (D)
  A quokka (D)
  A rat (D)
12 creatures vanquished.

Vanquished Creatures (others)
  A two-headed ogre (D)
1 creature vanquished.

Grand Total: 13 creatures vanquished

Notes
Turn   | Place    | Note
-------+----------+-------------------------------------------
     0 | D        | NinjaNoafa the Minotaur Berserker began the quest for the
                  | Orb.
     0 | D        | Reached XP level 1. HP: 19/19 MP: 0/0
     9 | D        | Reached skill level 4 in Axes
    10 | D        | Reached skill level 5 in Axes
    12 | D        | Reached ** piety under Trog
   204 | D        | Noticed an iguana
   204 | D        | Noticed a howler monkey
   204 | D        | Noticed an ogre
   211 | D        | Reached *** piety under Trog
   212 | D        | Reached skill level 7 in Axes
   212 | D        | Reached XP level 2. HP: 27/27 MP: 1/1
   215 | D        | Killed an ogre
   216 | D        | Reached XP level 3. HP: 25/40 MP: 2/2
   216 | D        | Reached XP level 4. HP: 31/48 MP: 3/3
   223 | D        | Reached skill level 5 in Armour
   223 | D        | Reached XP level 5. HP: 33/58 MP: 4/4
   225 | D        | Reached **** piety under Trog
   226 | D        | Reached skill level 5 in Dodging
   444 | D        | Found a snail-covered altar of Cheibriados.
   444 | D        | Found a shadowy altar of Dithmenos.
   444 | D        | Found a white marble altar of Elyvilon.
   444 | D        | Found a blossoming altar of Fedhas.
   444 | D        | Found an opulent altar of Gozag.
   445 | D        | Found a hazy altar of Hepliaklqana.
   446 | D        | Found a viscous altar of Jiyva.
   447 | D        | Found an ancient bone altar of Kikubaaqudgha.
   448 | D        | Found a corrupted altar of Lugonu.
   453 | D        | Found a burning altar of Makhleb.
   454 | D        | Found a sparkling altar of Nemelex Xobeh.
   455 | D        | Found an iron altar of Okawaru.
   456 | D        | Found a stormy altar of Qazlal.
   457 | D        | Found a sacrificial altar of Ru.
   458 | D        | Found a shimmering blue altar of Sif Muna.
   459 | D        | Found a bloodstained altar of Trog.
   460 | D        | Found a hide-covered altar of Uskayaw.
   461 | D        | Found a radiant altar of Vehumet.
   462 | D        | Found an ornate altar of the Wu Jian Council.
   463 | D        | Found a shimmering altar of Xom.
   464 | D        | Found a basalt altar of Yredelemnul.
   465 | D        | Fell from the grace of Trog
   465 | D        | Became a worshipper of Ru the Awakened
   466 | D        | Found a glowing silver altar of Zin.
   467 | D        | Found a glowing golden altar of the Shining One.
   520 | D        | Noticed a yak
   520 | D        | Noticed a two-headed ogre
   520 | D        | Noticed a two-headed ogre
   520 | D        | Noticed a centaur
   520 | D        | Noticed a yak
   520 | D        | Noticed a wraith
   534 | D        | Killed a wraith
   535 | D        | Reached skill level 9 in Axes
   535 | D        | Reached XP level 6. HP: 49/66 MP: 5/5
   537 | D        | Killed a yak
   538 | D        | Reached skill level 11 in Axes
   538 | D        | Reached skill level 5 in Evocations
   542 | D        | Killed a two-headed ogre
   543 | D        | Reached skill level 12 in Axes
   543 | D        | Reached skill level 10 in Fighting
   543 | D        | Reached XP level 7. HP: 4/72 MP: 6/6
   547 | D        | Mangled by a two-headed ogre

Illustrated notes

Levels and vault maps discovered:
D:        linesprint [early_d, line_temple, items_1, d_10, items_2, lair_1,
          lair_end, items_3, orc_1, orc_end, items_4, d_15, swamp_1, shoals_1,
          snake_1, spider_1, d_20, vaults_1, items_5, swamp_end, shoals_end,
          snake_end, spider_end, vaults_end, d_27, items_6, zot_1, zot_end,
          crypt_end, forest_end, elf_end, slime_end, tomb_end, abyss_end,
          pan_hell_end]

Skill      XL: |  1  2  3  4  5  6 |
---------------+-------------------+-----
Axes           | 7 9 12 | 12.1
Fighting       | 8 9 10 | 10.1
Armour         | 4 5 9 |  9.1
Dodging        | 4 5 |  5.2
Evocations     | 4 5 |  5.0

Action                   |  1- 3 |  4- 6 |  7- 9 || total
-------------------------+-------+-------+-------++-------
Melee: Hand axe          |    20 |     9 |       ||    29
       Headbutt          |     4 |     6 |     1 ||    11
       War axe           |       |    16 |     2 ||    18
       Punch             |       |     1 |       ||     1
  Use: Potion            |     1 |     2 |     2 ||     5
 Stab: Invisible         |       |     1 |       ||     1
Armor: Animal skin       |     2 |       |       ||     2
       Chain mail        |       |     8 |     2 ||    10
Dodge: Dodged            |     7 |    16 |     1 ||    24

Table legend: (Time is in decaauts)
 A = Elapsed time spent in this place.
 B = Non-inter-level travel time spent in this place.
 C = Inter-level travel time spent in this place.
 D = Time resting spent in this place.
 E = Time spent auto-exploring this place.
 F = Levels seen in this place.
 G = Mean time per level.
                   A        B        C        D        E       F      G
               +--------+--------+--------+--------+--------+-----+--------+
         Total |    569 |    569 |      0 |    406 |      8 |   1 |  569.0 |
       Dungeon |    569 |    569 |      0 |    406 |      8 |   1 |  569.0 |
               +--------+--------+--------+--------+--------+-----+--------+

Top non-repeatable levels by time:
       D: 569 daAuts
